 Dungeon Crawl Stone Soup version 0.23-a0-29-g1be82e5 (webtiles) character file.

49 zishaf the Insei (level 3, -1/18 HPs)
             Began as a Vine Stalker Transmuter on Aug 3, 2018.
             Succumbed to an adder's poison
             ... on level 2 of the Dungeon.
             The game lasted 00:03:15 (2039 turns).

zishaf the Insei (Vine Stalker Transmuter)          Turns: 2039, Time: 00:03:16

Health: -1/18      AC:  2    Str: 12    XL:     3   Next: 77%
Magic:  4/7        EV: 12    Int: 14    God:
Gold:   130        SH:  0    Dex: 14    Spells: 3/6 levels left

rFire    . . .     SeeInvis .   k - +1 flail (holy)
rCold    . . .     Gourm    .   (no shield)
rNeg     . . .     Faith    .   b - +0 robe
rPois    .         Spirit   +   (no helmet)
rElec    .         Reflect  .   (no cloak)
rCorr    .         Harm     .   (no gloves)
MR       .....                  (no boots)
Stlth    +.........             (no amulet)
HPRegen  0.06/turn              (no ring)
MPRegen  0.10/turn              (no ring)

@: lethally poisoned (-1 -> -13)
A: fangs 2, magic shield, antimagic bite, no potion heal 3, rot immunity
a: no special abilities


You were on level 2 of the Dungeon.
You were hungry.

You visited 1 branch of the dungeon, and saw 2 of its levels.

You collected 130 gold pieces.

Inventory:

Hand Weapons
 k - a +1 flail of holy wrath (weapon)
Missiles
 a - 12 arrows
 i - 4 steel tomahawks (quivered)
Armour
 b - a +0 robe (worn)
Scrolls
 c - a scroll of identify {unknown}
 f - a scroll of noise {unknown}
 h - a scroll of teleportation {unknown}
 j - a scroll of remove curse {unknown}
 m - a scroll of enchant weapon {unknown}
Potions
 e - 2 potions of haste {unknown}
 g - a potion of heal wounds
 l - a potion of magic {unknown}
 n - a potion of brilliance {unknown}
Comestibles
 d - 2 rations


   Skills:
 + Level 1.5 Fighting
 + Level 2.0 Dodging
 + Level 3.3 Unarmed Combat
 - Level 2.1 Spellcasting
 * Level 2.9 Transmutations


You had 3 spell levels left.
You knew the following spells:

 Your Spells              Type           Power        Failure   Level  Hunger
a - Beastly Appendage     Tmut           #.....       7%          1    #......
b - Sticks to Snakes      Tmut           #.......     11%         2    ###....

Your spell library contained the following spells:

 Spells                   Type           Power        Failure   Level  Hunger
 Spider Form              Tmut/Pois      #.........   36%         3    ###....
 Blade Hands              Tmut           #.........   88%         5    ######.
 Ice Form                 Ice/Tmut       #.......     77%         4    #####..


Dungeon Overview and Level Annotations

Branches:
Dungeon (2/15)

Altars:


Innate Abilities, Weirdness & Mutations

You have extremely sharp teeth.
When hurt, damage is shared between your health and your magic reserves.
Your bite disrupts and absorbs the magic of your enemies.
Potions cannot restore your health.
You are immune to rotting.


Message History

You closely miss the adder.
The adder is almost dead.
You feel sick. The adder bites you.
* * * LOW HITPOINT WARNING * * *
You are more poisoned.
The adder poisons you! The adder barely misses you.
You barely miss the adder.
The adder is almost dead.
* * * LOW HITPOINT WARNING * * *
You feel sick. The adder barely misses you. x2
You closely miss the adder.
The adder is almost dead.
* * * LOW HITPOINT WARNING * * *
You feel sick. The adder misses you. The adder closely misses you.
It was a potion of heal wounds.
That seemed strangely inert.
* * * LOW HITPOINT WARNING * * *
You feel sick. The adder closely misses you.
You thump the adder!
You kill the adder!
You die...

########### #
#.........# ##
#.#######.#
.#######.##### #@#
..[..........# #†#
.#.....#.###.# #.#
.........# #.# #.#
##.....#.# #.# #(#
##.....#.###.# #.#
####.###..##.###.#
#.# ##.##..##(#
#.# #.###.##.#


There were no monsters in sight!

Vanquished Creatures
  An adder (D:2)
  2 dart slugs
  2 leopard geckos
  7 bats
  5 giant cockroaches
  4 goblins
  3 hobgoblins
  A quokka (D:2)
  A ball python (D:2)
  2 frilled lizards
  2 kobolds
  3 rats
33 creatures vanquished.

Vanquished Creatures (collateral kills)
  A goblin (D:2)
  A kobold (D:1)
2 creatures vanquished.

Grand Total: 35 creatures vanquished

Notes
Turn   | Place    | Note
-------+----------+-------------------------------------------
     0 | D:1      | zishaf the Vine Stalker Transmuter began the quest for the Orb.
     0 | D:1      | Reached XP level 1. HP: 9/9 MP: 4/4
    39 | D:1      | Reached skill level 1 in Fighting
   163 | D:1      | Reached XP level 2. HP: 13/14 MP: 4/6
   176 | D:1      | Learned a level 2 spell: Sticks to Snakes
  1286 | D:2      | Reached XP level 3. HP: 15/18 MP: 7/7
  2039 | D:2      | Succumbed to an adder's poison

Vault maps used:
D:1:      dpeg_arrival_court, dk_noncrumbling_4
D:2:      lightli_corner_chamber

Skill      XL: |  1  2  3 |
---------------+----------+-----
Fighting       | 1 |  1.5
Dodging        | 2 |  2.0
Unarmed Combat | |  3.3
Spellcasting   | |  2.1
Transmutations | |  2.9

Action                   || total
-------------------------++-------
Melee: Unarmed           ||    83
       Bite              ||    16
       Kick              ||     2
       Flail             ||    34
Throw: Tomahawk          ||     2
 Cast: Beastly Appendage ||     3
       Sticks to Snakes  ||     4
  Use: Potion            ||     1
 Stab: Sleeping          ||     1
  Eat: Chunk             ||     3
Armor: Robe              ||    28
Dodge: Dodged            ||   108

Table legend:
 A = Spawn XP
 B = Non-spawn XP
 C = Spawn XP percentage of total XP
 D = Spawn monster count
 E = Non-spawn monster count
 F = Spawn count percentage of total count
 G = Total turns spent on level
                    A         B        C        D         E        F      G
               +---------+---------+-------+---------+---------+-------+---------
         Total |       0 |      71 |   0.0 |       0 |      35 |   0.0 |  2039
               +---------+---------+-------+---------+---------+-------+---------
           D:1 |       0 |      29 |   0.0 |       0 |      17 |   0.0 |  1128
           D:2 |       0 |      42 |   0.0 |       0 |      18 |   0.0 |   911
               +---------+---------+-------+---------+---------+-------+---------
